 Dungeon Crawl Stone Soup version 0.24.0-29-g8ce449bc06 (webtiles) character file.

Game seed: 13879602163038663519, levelgen mode: deterministic

175060 Matador8 the Spear-Bearer (level 16, -11/124 HPs)
             Began as a Demonspawn Warper on Nov 15, 2019.
             Was a High Priest of Yredelemnul.
             Mangled by an ettin
             ... wielding a +0 dire flail
              (37 damage)
             ... on level 1 of the Vaults on Nov 16, 2019.
             The game lasted 04:30:27 (32938 turns).

Matador8 the Spear-Bearer (Demonspawn Warper)      Turns: 32938, Time: 04:30:27

Health: -11/124    AC: 13    Str: 20    XL:     16   Next: 91%
Magic:  2/26       EV: 18    Int: 16    God:    Yredelemnul [*****.]
Gold:   2099       SH: 13    Dex: 14    Spells: 22/28 levels left

rFire    + . .     SeeInvis +   a - +10 trident of a wizard's laboratory {freeze, -Tele rElec rN++ SInv}
rCold    + + .     Gourm    .   z - +0 shield {reflect}
rNeg     + + .     Faith    .   g - +2 swamp dragon scales
rPois    +         Spirit   .   (helmet unavailable)
rElec    +         Reflect  +   m - +2 cloak {rF+}
rCorr    .         Harm     .   N - +0 pair of gloves
MR       +....     NoTele   +   h - +0 pair of boots
Stlth    ++........             V - amulet of the acrobat
HPRegen  0.30/turn              w - +6 ring of slaying
MPRegen  0.20/turn              M - ring "Doxzy" {rC++ Str+4}

@: corroded, wreathed by umbra
A: antennae 3, repulsion field 2, demonic guardian 2, nightstalker 1
}: 2/15 runes: decaying, gossamer
a: Recall Undead Slaves, Injury Mirror, Animate Dead, Drain Life, Enslave Soul,
Renounce Religion


You were on level 1 of the Vaults.
You worshipped Yredelemnul.
Yredelemnul was extremely pleased with you.
You were not hungry.

You visited 6 branches of the dungeon, and saw 32 of its levels.
You also visited: Volcano.

You collected 3486 gold pieces.
You spent 1387 gold pieces at shops.

Inventory:

Hand Weapons
 a - the +10 trident of a wizard's laboratory (weapon) {freeze, -Tele rElec rN++ SInv}
   (You found it on level 5 of the Dungeon)

   It has been specially enchanted to freeze those struck by it, causing extra
   injury to most foes and up to half again as much damage against particularly
   susceptible opponents.
   It can also slow down cold-blooded creatures.
   It insulates you from electricity.
   It greatly protects you from negative energy.
   It lets you see invisible.
   It prevents most forms of teleportation.
Missiles
 j - 4 silver javelins
 k - 44 boomerangs
 E - a throwing net
 I - 7 silver boomerangs
 S - 12 javelins
 U - 7 boomerangs of dispersal (quivered)
Armour
 c - a +1 ring mail of magic resistance
 g - +2 swamp dragon scales (worn)
 h - a +0 pair of boots (worn)
 m - a +2 cloak of fire resistance (worn)
 v - a +2 chain mail of fire resistance
 x - a +3 plate armour of cold resistance
 z - a +0 shield of reflection (worn)
 N - a +0 pair of gloves (worn)
Jewellery
 b - an uncursed ring of see invisible
 w - a +6 ring of slaying (left hand)
 M - the ring "Doxzy" (right hand) {rC++ Str+4}
   (You found it on level 4 of the Swamp)

   [ring of strength]

   It affects your strength (+4).
   It greatly protects you from cold.
 T - an uncursed ring of protection from cold
 V - an amulet of the acrobat (around neck)
Wands
 p - a wand of enslavement (4)
 y - a wand of iceblast (5)
 C - a wand of paralysis (6)
Scrolls
 d - 4 scrolls of blinking
 q - 2 scrolls of fear
 u - 13 scrolls of remove curse
 D - 2 scrolls of magic mapping
 H - 11 scrolls of teleportation
 J - a scroll of acquirement {unknown}
 P - a scroll of fog {unknown}
 Q - 5 scrolls of summoning
Potions
 i - 3 potions of cancellation
 n - a potion of berserk rage
 o - 7 potions of curing
 r - 2 potions of agility
 s - 2 potions of invisibility
 t - 3 potions of might
 A - 2 potions of resistance
 B - 8 potions of brilliance
 L - a potion of ambrosia
 W - 11 potions of heal wounds
 Y - a potion of magic {unknown}
Miscellaneous
 e - a sack of spiders
Comestibles
 f - 28 rations


   Skills:
 - Level 10.7 Fighting
   Level 6.2 Maces & Flails
 - Level 14.0 Polearms
 - Level 1.1 Throwing
 - Level 7.7 Armour
 - Level 8.0 Dodging
 + Level 12.6 Shields
 - Level 6.9 Spellcasting
 - Level 9.7 Translocations
 - Level 11.0 Invocations
 - Level 7.0 Evocations


You had 22 spell levels left.
You knew the following spells:

 Your Spells              Type           Power        Failure   Level  Hunger
a - Blink                 Tloc           N/A          1%          2    None
b - Passage of Golubria   Tloc           N/A          4%          4    ####...

Your spell library contained the following spells:

 Spells                   Type           Power        Failure   Level  Hunger
 Gell's Gravitas          Tloc           #####.....   1%          3    ##.....
 Lesser Beckoning         Tloc           #####.....   1%          3    ##.....
 Teleport Other           Tloc           #####...     1%          3    ##.....
 Shroud of Golubria       Chrm/Tloc      ###...       5%          2    None
 Corona                   Hex            #......      26%         1    None
 Flame Tongue             Conj/Fire      #....        26%         1    None
 Magic Dart               Conj           #...         26%         1    None
 Shock                    Conj/Air       #...         26%         1    None
 Sting                    Conj/Pois      #...         26%         1    None
 Force Lance              Conj/Tloc      ###.....     34%         4    ####...
 Ensorcelled Hibernation  Hex/Ice        #.....       38%         2    None
 Poisonous Vapours        Pois/Air       #.....       38%         2    None
 Searing Ray              Conj           #.....       38%         2    None
 Sublimation of Blood     Necr           #.........   38%         2    None
 Swiftness                Chrm/Air       #.......     38%         2    None
 Throw Flame              Conj/Fire      #.....       38%         2    None
 Confuse                  Hex            #.......     63%         3    ##.....
 Conjure Flame            Conj/Fire      #.......     63%         3    ##.....
 Dazzling Spray           Conj/Hex       #.....       63%         3    ##.....
 Inner Flame              Hex/Fire       #.......     63%         3    ##.....
 Mephitic Cloud           Conj/Pois/Air  #.......     63%         3    ##.....
 Spider Form              Tmut/Pois      #.........   63%         3    ##.....
 Static Discharge         Conj/Air       #.......     63%         3    ##.....
 Tukima's Dance           Hex            #.......     63%         3    ##.....
 Airstrike                Air            #.........   95%         4    ####...
 Fulminant Prism          Conj/Hex       #.........   95%         4    ####...
 Iskenderun's Mystic Bla  Conj           #.......     95%         4    ####...
 Sticky Flame             Conj/Fire      #.......     95%         4    ####...
 Bolt of Magma            Conj/Fire/Erth #.........   100%        5    #####..
 Fireball                 Conj/Fire      #.........   100%        5    #####..
 Irradiate                Conj/Tmut      #.........   100%        5    #####..
 Iskenderun's Battlesphe  Conj/Chrm      #.......     100%        5    #####..
 Lightning Bolt           Conj/Air       #.........   100%        5    #####..
 Venom Bolt               Conj/Pois      #.........   100%        5    #####..
 Freezing Cloud           Conj/Ice/Air   #.........   100%        6    #######
 Hydra Form               Tmut           #.........   100%        6    #######
 Iron Shot                Conj/Erth      #.........   100%        6    #######
 Statue Form              Tmut/Erth      #........    100%        6    #######
 Dragon Form              Tmut           #.........   100%        7    #######
 Orb of Destruction       Conj           #.........   100%        7    #######
 Ring of Flames           Chrm/Fire      #.........   100%        7    #######
 Spellforged Servitor     Conj/Summ      #.........   100%        7    #######
 Ignition                 Fire           #.........   100%        8    #######
 Shatter                  Erth           #.........   100%        9    #######
 Tornado                  Air            #.........   100%        9    #######


Dungeon Overview and Level Annotations

Branches:
Dungeon (15/15)            Temple (0/1) D:5            Lair (6/6) D:11
  Swamp (4/4) Lair:2       Spider (4/4) Lair:3        Slime (0/5) Lair:6
    Orc (2/2) D:11            Elf (0/3) Orc:2        Vaults (1/5) D:13
 Depths (0/5) D:15        Volcano (visited)

Altars:
Ashenzari
Cheibriados
Elyvilon
Gozag
Hepliaklqana
Kikubaaqudgha
Okawaru
Qazlal
Ru
Sif Muna
Trog
Wu Jian
Yredelemnul
Zin
Beogh
Jiyva

Shops:
D:4 *   D:9 :   D:11 (   D:15 *   Orc:1 (   Orc:2 }!(*

Annotations:
D:3 4 runed translucent doors, Crazy Yiuf; TsetAccount's ghost, amateur DDFi
D:4 2 transporters, Flugslaktarn's ghost, amateur HOFi
D:11 3 runed translucent doors, Flugslaktarn's ghost, journeyman MiMo
D:15 1 transporter, Pisur's ghost, journeyman MiAK
Lair:3 exclusion: oklob plant


Innate Abilities, Weirdness & Mutations

You have a pair of large antennae on your head. (SInv)
You are surrounded by a moderate repulsion field. (EV +3)
A demonic guardian rushes to your aid.
You are slightly more attuned to the shadows.


Message History

You impale the vault warden!! You freeze the vault warden!
The vault warden is heavily wounded.
The orc knight hits your profane servitor but does no damage.
The orc knight hits you with a +0 war axe!
* * * LOW HITPOINT WARNING * * *
Your profane servitor hits the orc knight with a +3 whip.
The orc knight dies!
Yredelemnul accepts your kill.
You cannot blink because you are wielding the +10 trident of a wizard's laboratory {freeze, -Tele rElec rN++ SInv}.
Unknown command.
You feel much better. You block the vault warden's attack.
The slime creature closely misses you.
Your profane servitor hits the slime creature with a +3 whip!!
Your profane servitor draws strength from the slime creature's injuries!
Your profane servitor hits the slime creature with a +3 whip!
The ironbrand convoker misses your profane servitor.
Your vault warden zombie closely misses the ironbrand convoker.
The ettin hits you with a +0 dire flail!!!
You die...
Your body rises from the dead as a mindless zombie.

{ #..# { #..#
.#o##..## #....
........# .....
...{....# #.....
#......{# .)...
########{###p..#
#.......{{#AC.#
#........{+@Jp#
#...)....n##pOZ#
#.........#


op.... ######.....!...# #..... .....#.........# ..... #?#..#.........# #....
###∩.'.........# .... #.#..#.........# .....#.........# You could see a vault
warden, an orc knight, an ettin, a slime creature, an ogre mage (invisible), a
vault sentinel, 2 ironbrand convokers, a friendly profane servitor and a
friendly vault warden zombie.

Vanquished Creatures
  2 ghost moths
  2 entropy weavers
  2 dire elephants (Lair:6)
  Nessos (Lair:5)
  A spark wasp (Spider:4)
  Snorg (D:11)
  A rakshasa (D:14)
  5 hydras
  A catoblepas (Lair:3)
  A shambling mangrove (Swamp:1)
  A death knight (D:12)
  3 centaur warriors
  2 alligators
  2 two-headed ogres (Orc:1)
  An anaconda (Lair:6)
  A tengu warrior (D:13)
  An ogre mage (Orc:1)
  A spriggan berserker (Swamp:3)
  An orc high priest (Orc:2)
  A skeletal warrior (D:12)
  A spriggan druid (Swamp:3)
  A swamp dragon (Swamp:1)
  An unseen horror (D:10)
  Pikel (D:7)
  A phantasmal warrior (Swamp:1)
  2 orc knights
  A deep elf mage (D:14)
  3 cyclopes
  2 wolf spiders
  A manticore (D:15)
  6 orb spiders
  4 elephants (Lair:6)
  A salamander (Volcano)
  4 ugly things
  2 moths of wrath
  A centaur skeleton (D:11)
  2 gargoyles
  10 spiny frogs
  2 torpor snails
  5 komodo dragons
  3 freezing wraiths
  An efreet (D:13)
  5 demonic crawlers
  A demonic crawler zombie (Spider:4)
  5 tyrant leeches
  5 trolls
  4 jumping spiders
  4 hornets
  5 bog bodies
  5 hippogriffs
  6 blink frogs
  9 dream sheep
  2 slime creatures (Swamp:2)
  A meliai zombie (D:13)
  21 redbacks
  2 shadows
  7 tarantellas
  3 wyverns
  8 wraiths
  Eustachio (D:4)
  A vampire (D:12)
  4 fire bats
  31 yaks
  4 humans (D:13)
  2 basilisks (D:11)
  2 steam dragons (D:9)
  A hungry ghost (D:9)
  3 fire elementals
  10 vampire mosquitoes
  7 swamp worms
  5 soldier ants
  An insubstantial wisp (Swamp:2)
  4 hydra simulacra (Swamp:4)
  10 water moccasins
  2 hell hounds (Volcano)
  12 porcupines
  23 orc warriors
  A swamp drake (Swamp:1)
  2 eyes of draining
  3 ice beasts
  4 sky beasts
  3 phantoms
  3 slaves (D:7)
  2 black bears
  8 ogres
  10 centaurs
  A vampire mosquito zombie (Swamp:1)
  5 crocodiles
  13 bullfrogs
  A wyvern skeleton (D:13)
  2 scorpions
  21 killer bees
  4 wights
  2 howler monkeys (D:11)
  An electric eel (Spider:2)
  4 crimson imps
  5 centaur zombies
  3 jellies
  15 orc priests
  2 bullfrog skeletons (D:9)
  12 hounds
  2 iguanas
  15 orc wizards
  15 worker ants
  A hound zombie (D:10)
  A howler monkey zombie (D:6)
  2 howler monkey skeletons
  2 worker ant zombies (D:11)
  11 adders
  3 gnolls (D:10)
  2 shadow imps
  2 swamp drake simulacra (Swamp:4)
  2 adder skeletons (D:7)
  An adder zombie (D:5)
  4 worms
  4 leopard geckos
  65 orcs
  3 ball pythons
  7 bats
  7 giant cockroaches
  9 hobgoblins
  2 jackals (D:2)
  5 quokkas
  4 frilled lizards
  12 goblins
  A jackal zombie (D:5)
  13 kobolds
  A leopard gecko skeleton (D:8)
  2 quokka skeletons
  11 rats
  A fungus (Lair:4)
  3 plants (Lair:6)
642 creatures vanquished.

Vanquished Creatures (collateral kills)
  Arachne (Spider:2)
  Rupert (D:13)
  Donald (Swamp:1)
  An azure jelly (Swamp:4)
  2 ghost moths
  Louise (Swamp:1)
  A vault warden (Vaults:1)
  The ghost of Flugslaktarn the Severer, a journeyman MiFi of Makhleb (Swamp:4)
  An ironheart preserver (Vaults:1)
  3 emperor scorpions (Spider:4)
  4 entropy weavers
  A dire elephant (Lair:6)
  Azrael (D:13)
  Josephine (D:11)
  9 hydras
  A shambling mangrove (Swamp:3)
  4 ghost crabs
  3 ice dragons (Swamp:4)
  3 centaur warriors (D:15)
  6 alligators
  A queen ant (Lair:4)
  8 two-headed ogres
  Urug (Lair:2)
  4 orc high priests (Orc:2)
  5 spriggans
  A deep elf knight (Swamp:3)
  3 spriggan druids
  3 swamp dragons
  An ironbrand convoker (Vaults:1)
  3 orc knights
  A wolf spider zombie (D:15)
  3 orc sorcerers (D:15)
  A necromancer (D:15)
  2 deep elf magi (D:15)
  10 ugly things
  An oklob plant (Lair:3)
  12 orb spiders
  9 wolf spiders
  10 slime creatures
  3 elephants (Lair:6)
  A guardian serpent (D:13)
  2 moths of wrath (Spider:4)
  2 black mambas
  3 centaur zombies
  4 torpor snails
  10 spiny frogs
  3 komodo dragons
  8 demonic crawlers
  2 freezing wraiths (Swamp:4)
  A queen bee (D:8)
  A jumping spider (shapeshifter) (D:15)
  26 jumping spiders
  A troll (Orc:2)
  5 tyrant leeches
  A meliai zombie (D:13)
  7 bog bodies
  8 hornets
  3 blink frogs (Lair:6)
  3 hippogriffs
  5 dream sheep
  A centaur simulacrum (D:15)
  A vampire (D:12)
  28 redbacks
  8 tarantellas
  2 wraiths
  A wyvern (D:15)
  12 yaks
  3 fire elementals (D:13)
  4 basilisks
  12 humans (D:13)
  A hungry ghost (D:15)
  13 vampire mosquitoes
  3 swamp worm simulacra (Swamp:4)
  5 swamp worms
  12 insubstantial wisps
  A warg (Orc:1)
  7 soldier ants (Lair:4)
  10 hydra simulacra (Swamp:4)
  An orb spider zombie (Spider:3)
  3 hell hounds (D:13)
  A black bear (D:7)
  3 porcupines
  A water moccasin (Lair:6)
  24 orc warriors
  An eye of draining (D:14)
  A necrophage (D:5)
  7 ogres
  A boggart (Vaults:1)
  10 centaurs
  5 crocodiles
  2 big kobolds
  7 bullfrogs
  A wyvern zombie (D:12)
  A scorpion (D:5)
  A troll zombie (Orc:2)
  3 wights
  4 killer bees
  2 electric eels
  3 howler monkeys
  A crimson imp (D:13)
  18 orc priests
  3 hounds
  2 centaur skeletons
  2 iguanas
  4 orc wizards
  7 worker ants
  A shadow imp (D:14)
  3 swamp drake simulacra (Swamp:4)
  An adder skeleton (D:10)
  A dart slug (D:4)
  A leopard gecko (D:5)
  48 orcs
  A giant cockroach (D:4)
  6 kobolds (D:13)
  3 orc zombies (Orc:2)
  A bush (Lair:1)
  2 butterflies (Lair:6)
  17 fungi
  21 plants
  2 withered plants (D:11)
575 creatures vanquished.

Vanquished Creatures (others)
  3 ghouls
  2 vampire knights
  A two-headed ogre (Volcano)
  4 skeletal warriors
  3 flayed ghosts
  6 phantasmal warriors
  A wolf spider zombie (Spider:4)
  7 redback zombies
  A hydra zombie (Lair:4)
  4 jumping spider zombies
  A spriggan zombie (Swamp:3)
  A tarantella zombie (Spider:4)
  5 flying skulls
  A wraith (Lair:1)
  6 vampires
  An insubstantial wisp (Swamp:2)
  A two-headed ogre zombie (Orc:1)
  2 spiny frog zombies
  A hornet zombie (Spider:4)
  An elephant zombie (Lair:6)
  4 blink frog zombies
  A centaur (Volcano)
  A hell hound zombie (D:13)
  A water moccasin zombie (Lair:6)
  A hippogriff skeleton (Lair:6)
  A warg zombie (Orc:1)
  A troll skeleton (Orc:2)
  3 wights
  A soldier ant zombie (Lair:4)
  3 centaur zombies (D:15)
  3 bullfrog zombies
  3 centaur skeletons
  A basilisk zombie (Lair:6)
  2 bog body skeletons
  4 human zombies (D:13)
  A human skeleton (D:13)
  3 killer bee zombies (D:13)
  A crocodile zombie (Lair:5)
  An ogre zombie (D:15)
  A mummy (D:11)
  2 worker ant zombies (Lair:4)
  A kobold zombie (D:13)
  3 orc skeletons
  49 orc zombies
  A fungus (Lair:4)
  2 plants
147 creatures vanquished.

Grand Total: 1364 creatures vanquished

Notes
Turn   | Place    | Note
-------+----------+-------------------------------------------
     0 | D:1      | Matador8 the Demonspawn Warper began the quest for the Orb.
     0 | D:1      | Reached XP level 1. HP: 16/16 MP: 3/3
     5 | D:1      | Reached skill level 1 in Throwing
   309 | D:1      | Gained mutation: You are surrounded by a mild repulsion
                  | field. (EV +2) [demonic ancestry]
   309 | D:1      | Reached XP level 2. HP: 20/22 MP: 5/5
  1213 | D:2      | Noticed a black bear
  1231 | D:1      | Gained mutation: A weak demonic guardian rushes to your
                  | aid. [demonic ancestry]
  1231 | D:1      | Reached XP level 3. HP: 20/27 MP: 6/6
  1235 | D:1      | Learned a level 2 spell: Blink
  2597 | D:3      | Found a white marble altar of Elyvilon.
  2597 | D:3      | Found a shimmering blue altar of Sif Muna.
  2777 | D:3      | Found a basalt altar of Yredelemnul.
  2777 | D:3      | Found a sacrificial altar of Ru.
  2779 | D:3      | Found a shattered altar of Ashenzari.
  2781 | D:3      | Found a glowing silver altar of Zin.
  2836 | D:3      | Became a worshipper of Yredelemnul the Dark
  2891 | D:3      | Found a runed translucent gate.
  2891 | D:3      | Found a runed translucent gate.
  2891 | D:3      | Found a runed translucent gate.
  2900 | D:3      | Found an opulent altar of Gozag.
  2905 | D:3      | Noticed TsetAccount's ghost (amateur DDFi)
  3021 | D:3      | You fall into a shaft and drop 2 floors!
  3021 | D:5      | Entered Level 5 of the Dungeon
  3021 | D:5      | Noticed an ogre
  3051 | D:5      | Killed an ogre
  3051 | D:5      | Gained mutation: You are slightly more attuned to the
                  | shadows. [demonic ancestry]
  3051 | D:5      | Reached XP level 4. HP: 33/33 MP: 7/7
  3193 | D:5      | Gained mutation: You are surrounded by a moderate repulsion
                  | field. (EV +3) [demonic ancestry]
  3193 | D:5      | Reached XP level 5. HP: 25/38 MP: 8/8
  3381 | D:5      | Found a staircase to the Ecumenical Temple.
  3411 | D:5      | Noticed a phantom
  3450 | D:5      | Killed a phantom
  3545 | D:4      | Noticed an ogre
  3571 | D:4      | Found a transporter.
  3571 | D:4      | Noticed Flugslaktarn's ghost (amateur HOFi)
  3650 | D:4      | Found a transporter.
  3655 | D:4      | Noticed Eustachio
  3975 | D:3      | Reached skill level 1 in Invocations
  4298 | D:3      | Found a runed translucent door.
  4299 | D:3      | Noticed Crazy Yiuf
  4388 | D:3      | Reached XP level 6. HP: 30/44 MP: 9/9
  4573 | D:3      | Reached * piety under Yredelemnul
  4747 | D:4      | Reached skill level 5 in Maces & Flails
  5197 | D:4      | Killed Eustachio
  5197 | D:4      | Gained mutation: A demonic guardian rushes to your aid.
                  | [demonic ancestry]
  5197 | D:4      | Reached XP level 7. HP: 47/50 MP: 10/10
  5312 | D:4      | Found a hazy altar of Hepliaklqana.
  5438 | D:4      | Found Sepya's General Store.
  5441 | D:4      | Bought a scroll of identify for 20 gold pieces
  5441 | D:4      | Bought 4 poisoned darts for 16 gold pieces
  5441 | D:4      | Bought a scroll of magic mapping for 35 gold pieces
  5632 | D:5      | Got a dazzling trident
  5633 | D:5      | Identified the +10 trident of a wizard's laboratory
                  | {freeze, -Tele rElec rN++ SInv} (You found it on level 5 of
                  | the Dungeon)
  5747 | D:5      | Found a bloodstained altar of Trog.
  5775 | D:5      | Found an ancient bone altar of Kikubaaqudgha.
  5878 | D:5      | Reached skill level 1 in Polearms
  5916 | D:5      | Found an iron altar of Okawaru.
  5925 | D:5      | Reached skill level 2 in Polearms
  5925 | D:5      | Reached skill level 5 in Invocations
  5948 | D:5      | Found a snail-covered altar of Cheibriados.
  6317 | D:6      | Reached ** piety under Yredelemnul
  6317 | D:6      | Reached skill level 3 in Polearms
  6317 | D:6      | Gained mutation: You have a pair of small antennae on your
                  | head. [demonic ancestry]
  6317 | D:6      | Reached XP level 8. HP: 52/56 MP: 12/12
  6358 | D:6      | Reached skill level 4 in Polearms
  6653 | D:7      | Noticed Pikel
  6878 | D:7      | Reached skill level 5 in Polearms
  6998 | D:7      | Killed Pikel
  6998 | D:7      | Reached skill level 6 in Polearms
  7021 | D:7      | Found a bloodstained altar of Trog.
  7023 | D:7      | Reached skill level 7 in Polearms
  7023 | D:7      | Reached XP level 9. HP: 52/61 MP: 13/13
  7107 | D:7      | Reached skill level 8 in Polearms
  7132 | D:7      | Found an ornate altar of the Wu Jian Council.
  7180 | D:7      | You fall into a shaft and drop 1 floor!
  7375 | D:8      | Noticed a two-headed ogre
  7380 | D:8      | Reached *** piety under Yredelemnul
  7403 | D:8      | Killed a two-headed ogre
  7403 | D:8      | Reached skill level 9 in Polearms
  7839 | D:8      | Reached skill level 10 in Polearms
  8249 | D:8      | Gained mutation: You have a pair of antennae on your head.
                  | [demonic ancestry]
  8249 | D:8      | Reached XP level 10. HP: 56/72 MP: 14/14
  8517 | D:8      | Reached skill level 5 in Fighting
  8668 | D:9      | Reached **** piety under Yredelemnul
  9183 | D:9      | Found Tuakem's Book Boutique.
  9263 | D:9      | Received a gift from Yredelemnul (2 flying skulls)
  9468 | D:10     | Entered Level 10 of the Dungeon
  9511 | D:10     | Received a gift from Yredelemnul (a mummy)
  9627 | D:10     | Noticed an unseen horror
  9638 | D:10     | Killed an unseen horror
  9687 | D:10     | Reached skill level 11 in Polearms
  9751 | D:10     | Noticed a two-headed ogre
  9760 | D:10     | Killed a two-headed ogre
 10237 | D:11     | Reached XP level 11. HP: 78/84 MP: 13/15
 10291 | D:11     | Found a staircase to the Lair.
 10298 | D:11     | Reached skill level 12 in Polearms
 10301 | D:11     | Noticed a white ugly thing
 10312 | D:11     | Killed a white ugly thing
 10390 | D:11     | Noticed Snorg
 10400 | D:11     | Killed Snorg
 10626 | D:11     | Received a gift from Yredelemnul (a wraith)
 10671 | D:11     | Found a runed translucent gate.
 10671 | D:11     | Found a runed translucent gate.
 10676 | D:11     | Found a runed translucent gate.
 10676 | D:11     | Noticed Flugslaktarn's ghost (journeyman MiMo)
 10759 | D:11     | Noticed a seven-headed hydra
 10765 | D:11     | Killed a seven-headed hydra
 10935 | D:11     | Reached skill level 13 in Polearms
 11068 | D:11     | Found a staircase to the Orcish Mines.
 11083 | D:11     | Found a basalt altar of Yredelemnul.
 11106 | D:11     | Noticed Josephine
 11111 | D:11     | Killed Josephine
 11127 | D:11     | Received a gift from Yredelemnul (a wight)
 11365 | D:11     | Found a roughly hewn altar of Beogh.
 11448 | D:11     | Found Fecsenuagu's Weapon Shoppe.
 11927 | D:11     | Got a brightly glowing robe
 11938 | D:11     | Identified the +2 robe of Valour {*Corrode rPois Int+4
                  | Dex+2} (You found it on level 11 of the Dungeon)
 12029 | Lair:1   | Entered Level 1 of the Lair of Beasts
 12084 | Lair:1   | Reached ***** piety under Yredelemnul
 12084 | Lair:1   | Reached skill level 14 in Polearms
 12104 | Lair:1   | Reached skill level 1 in Evocations
 12244 | Lair:1   | Reached XP level 12. HP: 66/91 MP: 16/16
 12271 | Lair:1   | Found a dark tunnel.
 12394 | Volcano  | Entered a volcano
 12449 | Volcano  | Noticed a two-headed ogre
 12449 | Volcano  | Noticed a two-headed ogre
 12457 | Volcano  | Killed a two-headed ogre
 12461 | Volcano  | Killed a two-headed ogre
 12690 | Volcano  | Reached skill level 5 in Evocations
 12703 | Volcano  | Received a gift from Yredelemnul (a wight)
 13081 | Lair:1   | Received a gift from Yredelemnul (3 flying skulls)
 13599 | Lair:2   | Noticed Urug
 13630 | Lair:2   | Killed Urug
 13973 | Lair:2   | Noticed a six-headed hydra
 13979 | Lair:2   | Killed a six-headed hydra
 14025 | Lair:2   | Noticed a six-headed hydra
 14033 | Lair:2   | Killed a six-headed hydra
 14066 | Lair:2   | Reached skill level 10 in Fighting
 14067 | Lair:2   | Received a gift from Yredelemnul (a wight)
 14080 | Lair:2   | Found a staircase to the Swamp.
 14756 | Lair:3   | Found a hole to the Spider Nest.
 15001 | Lair:3   | You fall into a shaft and drop 3 floors!
 15001 | Lair:6   | Entered Level 6 of the Lair of Beasts
 15066 | Lair:5   | Reached XP level 13. HP: 104/104 MP: 12/18
 15068 | Lair:5   | Received a gift from Yredelemnul (a vampire)
 15581 | Lair:5   | Noticed Nessos
 15594 | Lair:5   | Killed Nessos
 16062 | Lair:5   | Received a gift from Yredelemnul (a phantasmal warrior)
 16062 | Lair:5   | Reached skill level 10 in Invocations
 16367 | Lair:4   | Noticed an entropy weaver
 16376 | Lair:4   | Killed an entropy weaver
 16377 | Lair:4   | Noticed an entropy weaver
 16380 | Lair:4   | Reached skill level 5 in Translocations
 16381 | Lair:4   | Received a gift from Yredelemnul (a skeletal warrior)
 16398 | Lair:4   | Killed an entropy weaver
 17091 | Lair:3   | Found a stormy altar of Qazlal.
 17421 | Lair:4   | Reached ****** piety under Yredelemnul
 17493 | Lair:4   | Received a gift from Yredelemnul (a vampire)
 17989 | Lair:6   | Received a gift from Yredelemnul (a flayed ghost)
 18120 | Lair:6   | Found a viscous altar of Jiyva.
 18120 | Lair:6   | Found a staircase to the Slime Pits.
 18520 | Lair:6   | Received a gift from Yredelemnul (a phantasmal warrior)
 18672 | Lair:6   | Noticed a dire elephant
 18680 | Lair:6   | Killed a dire elephant
 18682 | Lair:6   | Noticed a dire elephant
 18690 | Lair:6   | Killed a dire elephant
 18699 | Lair:6   | Noticed a dire elephant
 18715 | Lair:6   | Killed a dire elephant
 19068 | D:11     | Learned a level 4 spell: Passage of Golubria
 19569 | D:12     | Gained mutation: You have a pair of large antennae on your
                  | head. (SInv) [demonic ancestry]
 19569 | D:12     | Reached XP level 14. HP: 82/111 MP: 22/22
 19916 | D:12     | Found the +12 Vampire's Tooth {vamp}
 19953 | D:12     | Reached skill level 5 in Spellcasting
 20346 | Orc:1    | Entered Level 1 of the Orcish Mines
 20467 | Orc:1    | Found Foeleav's Weapon Boutique.
 20789 | Orc:1    | Received a gift from Yredelemnul (a vampire)
 20870 | Orc:2    | Entered Level 2 of the Orcish Mines
 20999 | Orc:2    | Found a staircase to the Elven Halls.
 21105 | Orc:2    | Received a gift from Yredelemnul (a ghoul)
 21266 | Orc:2    | Found a roughly hewn altar of Beogh.
 21301 | Orc:2    | Received a gift from Yredelemnul (a skeletal warrior)
 21319 | Orc:2    | Received a gift from Yredelemnul (a vampire)
 21337 | Orc:2    | Received a gift from Yredelemnul (a phantasmal warrior)
 21816 | Orc:2    | Found Riapnis's Assorted Antiques.
 21816 | Orc:2    | Found Guclukha's Gadget Shoppe.
 21817 | Orc:2    | Found Orom's Antique Weapon Emporium.
 21817 | Orc:2    | Found Soim's Distillery.
 21824 | Orc:2    | Bought a potion of heal wounds for 50 gold pieces
 21824 | Orc:2    | Bought a potion of heal wounds for 50 gold pieces
 21824 | Orc:2    | Bought a potion of heal wounds for 50 gold pieces
 21824 | Orc:2    | Bought a potion of heal wounds for 50 gold pieces
 21824 | Orc:2    | Bought a potion of heal wounds for 50 gold pieces
 21824 | Orc:2    | Bought a potion of curing for 30 gold pieces
 21827 | Orc:2    | Bought a scroll labeled SEHA CEUNEFUNIUFF for 28 gold
                  | pieces
 21827 | Orc:2    | Bought a scroll labeled OSHAMOSUZU for 28 gold pieces
 21827 | Orc:2    | Bought a scroll of identify for 56 gold pieces
 21827 | Orc:2    | Bought a scroll of teleportation for 84 gold pieces
 21827 | Orc:2    | Bought a scroll of enchant armour for 210 gold pieces
 22276 | D:13     | Reached skill level 1 in Armour
 22339 | D:13     | Received a gift from Yredelemnul (a profane servitor)
 22356 | D:13     | Noticed Rupert
 22370 | D:13     | Killed Rupert
 22374 | D:13     | Found a gate to the Vaults.
 22439 | D:13     | Received a gift from Yredelemnul (a flayed ghost)
 22492 | D:13     | Killed Azrael
 23120 | D:13     | Found the amulet of Vitality {Regen+ HP+15}
 23123 | D:13     | Received a gift from Yredelemnul (a flayed ghost)
 23165 | D:13     | Got a sparkling platinum ring
 23175 | D:13     | Identified the ring of Juzuef {+Inv rF+ Str-4 Int+2} (You
                  | found it on level 13 of the Dungeon)
 23416 | D:14     | Reached skill level 5 in Dodging
 23665 | D:14     | Reached skill level 5 in Armour
 23703 | D:14     | Received a gift from Yredelemnul (a phantasmal warrior)
 23963 | D:15     | Entered Level 15 of the Dungeon
 23996 | D:15     | Received a gift from Yredelemnul (a bone dragon)
 23997 | D:15     | Reached XP level 15. HP: 116/117 MP: 25/25
 24001 | D:15     | Found a roughly hewn altar of Beogh.
 24032 | D:15     | Received a gift from Yredelemnul (a vampire)
 24110 | D:15     | Found Gomuv's Assorted Antiques.
 24118 | D:15     | Bought a scroll of blinking for 270 gold pieces
 24120 | D:15     | Bought a scroll of identify for 72 gold pieces
 24120 | D:15     | Bought a potion of mutation for 288 gold pieces
 24160 | D:15     | Found a staircase to the Depths.
 24312 | D:15     | Identified the +5 great mace of Putrescence {flame, *Rage
                  | rElec rPois rF++}
 24312 | D:15     | Noticed a fire giant
 24314 | D:15     | Found a transporter.
 24316 | D:15     | Noticed Pisur's ghost (journeyman MiAK)
 24826 | Swamp:1  | Entered Level 1 of the Swamp
 24847 | Swamp:1  | Received a gift from Yredelemnul (a phantasmal warrior)
 24864 | Swamp:1  | Noticed Louise
 24890 | Swamp:1  | Killed Louise
 24963 | Swamp:1  | Noticed Donald
 24975 | Swamp:1  | Killed Donald
 25234 | Swamp:1  | Received a gift from Yredelemnul (a skeletal warrior)
 25480 | Swamp:1  | Received a gift from Yredelemnul (a vampire)
 25968 | Swamp:2  | Received a gift from Yredelemnul (a ghoul)
 26125 | Swamp:2  | Reached skill level 1 in Shields
 26789 | Swamp:3  | Received a gift from Yredelemnul (a vampire knight)
 27055 | Swamp:3  | Received a gift from Yredelemnul (a vampire)
 27071 | Swamp:3  | Reached skill level 5 in Shields
 27210 | Swamp:3  | Identified the Tome of Sinister Poison
 27319 | Swamp:3  | Received a gift from Yredelemnul (a bone dragon)
 27620 | Swamp:4  | Entered Level 4 of the Swamp
 28218 | Swamp:4  | Found a runed translucent gate.
 28218 | Swamp:4  | Found a runed translucent gate.
 28218 | Swamp:4  | Found a runed translucent gate.
 28222 | Swamp:4  | Noticed Flugslaktarn's ghost (journeyman MiFi)
 28238 | Swamp:4  | Killed Flugslaktarn's ghost
 28250 | Swamp:4  | Got a twitching glass ring
 28252 | Swamp:4  | Identified the ring "Doxzy" {rC++ Str+4} (You found it on
                  | level 4 of the Swamp)
 28446 | Swamp:4  | Received a gift from Yredelemnul (a ghoul)
 28527 | Swamp:4  | Received a gift from Yredelemnul (a phantasmal warrior)
 28573 | Swamp:4  | Reached XP level 16. HP: 85/124 MP: 26/26
 28779 | Swamp:4  | Received a gift from Yredelemnul (a ghoul)
 28797 | Swamp:4  | Got a decaying rune of Zot
 29129 | Spider:1 | Entered Level 1 of the Spider Nest
 30202 | Spider:2 | Noticed Arachne
 30217 | Spider:2 | Killed Arachne
 30709 | Spider:3 | Received a gift from Yredelemnul (a vampire knight)
 30759 | Spider:3 | Reached skill level 10 in Shields
 31226 | Spider:4 | Entered Level 4 of the Spider Nest
 31570 | Spider:4 | Received a gift from Yredelemnul (a skeletal warrior)
 31746 | Spider:4 | Received a gift from Yredelemnul (a phantasmal warrior)
 32456 | Spider:4 | Got a gossamer rune of Zot
 32849 | Vaults:1 | Entered Level 1 of the Vaults
 32937 | Vaults:1 | HP: 6/124 [orc knight/+0 war axe (10)]
 32938 | Vaults:1 | Mangled by an ettin

Levels and vault maps discovered:
D:1:      scummos_arrival_simple_fountains, layout_basic
D:2:      minmay_inner_zag, layout_basic
D:3:      minmay_evil_eye, layout_basic, grunt_temple_overflow_open,
          ebering_ghost_gozag, uniq_crazy_yiuf_cottage
D:4:      layout_rooms, marbit_many_paths, gammafunk_ghost_mausoleum,
          portal_sewer_entry_a, serial_shops, nicolae_shop_window_shopping,
          uniq_eustachio
D:5:      corexii_shack_village, layout_loops_cross, overflow_temple_1_default,
          nicolae_overflow_crystal_walls, kiku_gazebo_garden_becter,
          minmay_temple_entry_offerings, first_ration, basic_altar
D:6:      layout_rooms, minmay_between
D:7:      layout_rooms, trog_ov_bears_minmay, kennysheep_little_box, uniq_pikel
D:8:      layout_cave_pools, david_nohive_1
D:9:      layout_roguey, serial_shops, shop
D:10:     layout_basic
D:11:     layout_loops_corners, minmay_lair_entry_grove,
          minmay_orc_entry_temple_small, serial_shops,
          nicolae_shop_competitors_out_of_business, gammafunk_ghost_split,
          yredelemnul_altar_generic, uniq_snorg, uniq_josephine
D:12:     layout_irregular_city, wad_floor_pattern_2,
          minmay_guarded_unrand_vampires_tooth
D:13:     layout_loops_ring, david_vaults_3, fake_guardian_serpent_vault,
          uniq_azrael
D:14:     layout_basic, minmay_misc_feat_room
D:15:     grunt_enter_depths_magical_seal, layout_cave_pools, special_room
          [special_room_orc], gammafunk_ghost_smash, serial_shops,
          nicolae_shop_trees, hex_tiny
Lair:1:   layout_chaotic_city, nicolae_volcano_entry_batcave,
          grunt_forest_large_clearing_hut
Lair:2:   layout_long_grid, nicolae_swamp_entry_splash_gauntlet, st_stairs_10,
          uniq_urug
Lair:3:   layout_small_grid, spider_nest_entry_a, st_stairs_3,
          lemuel_oklob_altar
Lair:4:   layout_misc_corridors, minmay_another_anthill, grunt_megastairs_4
Lair:5:   layout_cave_pods, uniq_nessos
Lair:6:   due_jungle_book, layout_loops_ring, dpeg_slime_entry_enclosed_altar,
          lemuel_fruit_tree, lemuel_fruit_fields, infiniplex_staircase_pool
Swamp:1:  layout_basic_swamp, evilmike_swamp_ruin_house_6, swamp_pool4,
          nicolae_swamp_dense_foliage, uniq_donald, uniq_louise
Swamp:2:  layout_basic_swamp, evilmike_swamp_ruin_wall
Swamp:3:  cheibrodos_swamp_heart_of_darkness, layout_basic_swamp,
          evilmike_swamp_ruin_house_3
Swamp:4:  swamp_icy, layout_basic_swamp, ebering_ghost_rock_garden
Spider:1: layout_spider_delve, drop_trap
Spider:2: layout_spider_delve, uniq_arachne
Spider:3: layout_spider_delve, nicolae_spider_cling_halls
Spider:4: johnstein_spider_rune_arachne_lair
Orc:1:    layout_caves, serial_shops, shop
Orc:2:    st_orc_pillars, layout_diamond_mine, basic_altar
Vaults:1: ebering_vaults_ghost_gozag, v_misc_3, nicolae_vaults_little_squares_2,
          nicolae_vaults_inception_statues, nicolae_vaults_shelves_hall,
          vaults_room_semicircle, st_star, v_misc_18, nicolae_vaults_little_ls,
          hangedman_vaults_snaps, ontoclasm_vaults_spin, ontoclasm_vaults_eye,
          nicolae_vaults_circle_grid_a, v_misc_32, layout_vaults_omnibox

Skill      XL: |  1  2  3  4  5  6  7  8  9 10 11 12 13 14 15 16 |
---------------+-------------------------------------------------+-----
Throwing       | 1 |  1.1
Maces & Flails | 2 3 4 5 6 |  6.2
Translocations | 3 4 8 9 |  9.7
Invocations    | 1 3 5 7 11 | 11.0
Polearms       | 3 7 10 11 14 | 14.0
Fighting       | 4 7 10 | 10.7
Evocations     | 3 7 |  7.0
Spellcasting   | 4 6 |  6.9
Armour         | 5 7 |  7.7
Dodging        | 5 8 |  8.0
Shields        | 7 12 | 12.6

Action                   |  1- 3 |  4- 6 |  7- 9 | 10-12 | 13-15 | 16-18 || total
-------------------------+-------+-------+-------+-------+-------+-------++-------
Melee: Mace              |   194 |    54 |       |       |       |       ||   248
       Flail             |       |    58 |     8 |       |       |       ||    66
       Trident           |       |       |   177 |   495 |   871 |   276 ||  1819
Throw: Boomerang         |     5 |     3 |       |       |       |     3 ||    11
       Stone             |    25 |     8 |     1 |       |       |       ||    34
       Dart              |       |       |     2 |       |       |       ||     2
 Cast: Blink             |     1 |     2 |       |       |     2 |       ||     5
       Passage of Golubr |       |       |       |       |     4 |       ||     4
Invok: Animate Remains   |       |       |     1 |       |       |       ||     1
       Recall Undead Sla |       |       |       |    13 |    21 |    12 ||    46
       Animate Dead      |       |       |       |    14 |    91 |    55 ||   160
       Injury Mirror     |       |       |       |       |     2 |       ||     2
       Drain Life        |       |       |       |       |     4 |     2 ||     6
       Enslave Soul      |       |       |       |       |       |     2 ||     2
Evoke: Wand              |       |     3 |     5 |     6 |     6 |     4 ||    24
  Use: Potion            |     2 |       |       |     1 |     3 |     4 ||    10
       Scroll            |       |     8 |     3 |     8 |    13 |     7 ||    39
 Stab: Sleeping          |       |     2 |     4 |    15 |     8 |     5 ||    34
       Distracted        |       |     1 |     2 |     3 |    10 |    11 ||    27
       Confused          |       |       |       |     1 |     1 |       ||     2
       Betrayed ally     |       |       |       |       |     1 |       ||     1
       Paralysed         |       |       |       |       |       |     1 ||     1
  Eat: Chunk             |     6 |     8 |    10 |    14 |    16 |       ||    54
       Ration            |       |       |       |     4 |    18 |    10 ||    32
Armor: Leather armour    |    79 |    15 |       |       |       |       ||    94
       Ring mail         |       |    15 |    39 |    75 |    60 |       ||   189
       Chain mail        |       |       |       |       |    33 |       ||    33
       Swamp dragon scal |       |       |       |       |    31 |    49 ||    80
Dodge: Dodged            |   181 |    78 |    89 |   153 |   317 |   192 ||  1010
Block: Shield            |       |       |       |       |       |     8 ||     8
